 Dungeon Crawl Stone Soup version 0.28.0-43-g3370ac3207 (webtiles) character file.

Game seed: 9761510925426499339

200 crimpus the Covered (level 5, -4/47 HPs)
             Began as a Minotaur Fighter on Mar 29, 2022.
             Killed by divine providence
             ... invoked by an orc priest
              (16 damage)
             ... on level 3 of the Dungeon.
             The game lasted 00:03:37 (2534 turns).

crimpus the Covered (Minotaur Fighter)              Turns: 2534, Time: 00:03:37

Health: -4/47      AC:  7    Str: 22    XL:     5   Next: 48%
Magic:  4/4        EV: 10    Int:  5    God:
Gold:   84         SH:  4    Dex: 10    Spells: 4/4 levels left

rFire   . . .      SeeInvis .   a - +0 war axe
rCold   . . .      Faith    .   c - +0 buckler
rNeg    . . .      Spirit   .   b - +0 scale mail
rPois   .          Reflect  .   (helmet restricted)
rElec   .          Harm     .   (no cloak)
rCorr   .          Rampage  .   (no gloves)
Will    .....                   (no boots)
Stlth   ..........              (no amulet)
HPRegen 0.15/turn               (no ring)
MPRegen 0.09/turn               (no ring)

@: attractive
A: horns 2, retaliatory headbutt
a: no special abilities


You were on level 3 of the Dungeon.
You visited 1 branch of the dungeon, and saw 3 of its levels.

You collected 84 gold pieces.

Inventory:

Hand Weapons
 a - a +0 war axe (weapon)
Armour
 b - a +0 scale mail (worn)
 c - a +0 buckler (worn)
Scrolls
 e - 3 scrolls of identify {unknown}
 k - a scroll of vulnerability {unknown}
 l - a scroll of brand weapon {unknown}
 m - a scroll of magic mapping {unknown}
Potions
 d - 2 potions of might
 g - a potion of heal wounds {unknown}
 h - 4 potions of curing {unknown}
 i - a potion of degeneration {unknown}
 j - a potion of haste {unknown}


   Skills:
 + Level 4.9 Fighting
 - Level 2.4 Axes
 + Level 5.7 Armour
 + Level 1.4 Dodging
 + Level 4.6 Shields


You had 4 spell levels left.
You didn't know any spells.
Your spell library was empty.

Dungeon Overview and Level Annotations

Branches:
Dungeon (3/15)

Altars:
Vehumet


Innate Abilities, Weirdness & Mutations

You have a pair of horns on your head.
You reflexively headbutt those who attack you in melee.


Message History

You kill the adder!
You closely miss the orc.
You feel sick. The orc closely misses you. The orc hits you with a +0 flail.
The orc barely misses you. You furiously retaliate!
You headbutt the orc. You closely miss the orc.
The orc is heavily wounded.
You closely miss the orc.
You feel sick.
You are no longer poisoned.
You block the orc's attack.
You closely miss the orc. Your headbutt misses the orc.
You barely miss the orc.
The orc priest invokes the aid of Beogh against you.
Beogh smites you! The orc barely misses you.
The orc hits you but does no damage. The orc misses you.
You closely miss the orc. You headbutt the orc.
The orc is heavily wounded.
You hit the orc but do no damage.
The orc priest miscasts a cantrip.
You block the orc's attack.
The orc priest hits you from afar with a +0 trident.
You are too injured to fight recklessly!
You are too injured to fight recklessly!
You are too injured to fight recklessly!
You are too injured to fight recklessly!
You are too injured to fight recklessly!
You are too injured to fight recklessly!
You are too injured to fight recklessly!
You are too injured to fight recklessly!
You are too injured to fight recklessly!
You are too injured to fight recklessly!
You are too injured to fight recklessly!
The orc barely misses you.
The orc priest invokes the aid of Beogh against you.
Beogh smites you!
* * * LOW HITPOINT WARNING * * *
It was a potion of attraction.
You feel attractive to monsters.
The orc priest mumbles some strange prayers to Beogh against you.
Beogh smites you!
You die...

.....###.......+##...
####...>.....P..#...
####........P≈.....#
.....#####..P≈P....####..
..P..# #...P..⌠o..o....
.....# #.......o# .._..#
#.####oo## .....#####.#
##.# #.P........# #@#
.....##.#### #.#
#######.# #.# #.# #.# #.#
#.# #.# #.# #.########.#
#..........# ############


You could see an orc priest and 3 orcs.

Vanquished Creatures
  A wyvern skeleton (D:3)
  Robin (D:2)
  4 gnolls (D:2)
  2 adders
  A worm (D:3)
  2 dart slugs (D:2)
  6 ball pythons
  5 endoplasms
  A giant cockroach (D:1)
  16 goblins
  14 hobgoblins
  2 jackals (D:1)
  A quokka (D:1)
  2 bats
  3 frilled lizards
  4 kobolds
  5 rats
70 creatures vanquished.

Vanquished Creatures (others)
  A fungus (D:1)
  A plant (D:1)
2 creatures vanquished.

Grand Total: 72 creatures vanquished

Notes
Turn   | Place    | Note
-------+----------+-------------------------------------------
     0 | D:1      | crimpus the Minotaur Fighter began the quest for the Orb.
     0 | D:1      | Reached XP level 1. HP: 19/19 MP: 0/0
   170 | D:1      | Reached XP level 2. HP: 27/27 MP: 1/1
   322 | D:1      | Reached skill level 4 in Armour
   705 | D:1      | Found a faded altar of an unknown god.
  1040 | D:2      | Noticed Robin
  1042 | D:2      | Reached XP level 3. HP: 31/33 MP: 2/2
  1063 | D:2      | Killed Robin
  1187 | D:2      | Reached XP level 4. HP: 32/41 MP: 3/3
  1195 | D:2      | Reached skill level 1 in Dodging
  1604 | D:2      | Reached skill level 5 in Armour
  2071 | D:3      | Found a radiant altar of Vehumet.
  2119 | D:3      | Reached XP level 5. HP: 26/47 MP: 4/4
  2534 | D:3      | Killed from afar by an orc priest

Illustrated notes

Levels and vault maps discovered:
D:1:      lightli_arrival_noodles, layout_loops_corners,
          shapermc_ecumenical_altar_mp_urbaneastern
D:2:      layout_basic, uniq_robin
D:3:      layout_loops_ring, mainiacjoe_overflow_tiny_flanked, tso_oasis_becter

Skill      XL: |  1  2  3  4 |
---------------+-------------+-----
Armour         | 4 5 |  5.7
Shields        | 4 |  4.6
Fighting       | 4 |  4.9
Dodging        | 1 |  1.4
Axes           | |  2.4

Action                   |  1- 3 |  4- 6 || total
-------------------------+-------+-------++-------
Melee: War axe           |    87 |    60 ||   147
       Headbutt          |    12 |    10 ||    22
  Use: Potion            |       |     1 ||     1
Armor: Scale mail        |    43 |    12 ||    55
Dodge: Dodged            |    35 |    30 ||    65
Block: Buckler           |    17 |    15 ||    32
